Map: Ulrena

Players

Rejsr

  • Race: Protoss Protoss

NoR

  • Race: Protoss Protoss
  • League: Silver

Mini

  • Race: Protoss Protoss

Snake

  • Race: Protoss Protoss
  • League: Platinum

VOD

Have the link to the VOD?

Description

Time

  • Played on: Dec. 9, 2015, 2:30 p.m.
  • Length: 11:17
Show
View Real Time Build Order
Export as new Build Order

Rejsr Protoss 

Build Orders: Dark Templar Rush 

Get SALT Encoding   

  12  0:01  Probe (Chrono Boost)  
  13  0:11  Probe (Chrono Boost)  
  14  0:22  Probe (Chrono Boost)  
  14  0:24  Pylon  
  15  0:43  Probe (Chrono Boost)  
  15  0:44  Gateway  
  15  0:47  Assimilator  
  16  0:53  Probe (Chrono Boost)  
  17  1:08  Probe (Chrono Boost)  
  18  1:18  Probe (Chrono Boost)  
  19  1:29  Probe (Chrono Boost)  
  20  1:33  Cybernetics Core  
  20  1:35  Pylon  
  20  1:37  Assimilator  
  20  2:01  Nexus  
  20  2:10  Pylon  
  20  2:17  Twilight Council  
  20  2:20  Warp Gate (Chrono Boost)  
  20  2:31  Stalker  
  20  2:36  Probe (Chrono Boost)  
  23  2:48  Probe  
  23  3:06  Mothership Core  
  25  3:16  Probe  
  26  3:23  Dark Shrine  
  26  3:28  Gateway x2  
  26  3:36  Probe  
  26  3:38  Probe  
  28  3:48  Probe  
  28  3:49  Probe  
  30  3:57  Gateway  
  30  4:03  Probe  
  31  4:14  Probe  
  32  4:24  Probe  
  33  4:44  Dark Templar x3  
  39  4:52  Probe  
  39  4:58  Pylon  
  40  5:00  Assimilator  
  40  5:02  Probe, Assimilator  
  41  5:13  Probe  
  40  5:16  Dark Templar  
  43  5:23  Probe  
  44  5:34  Probe  
  39  6:04  Stalker x2  
  39  6:05  Stalker x2  
  39  6:10  Robotics Facility  
  47  6:20  Blink  
  47  6:27  Pylon  
  47  6:43  Stalker x3  
  47  6:46  Zealot  
  55  6:56  Probe  
  56  7:06  Probe  
  57  7:16  Probe  
  57  7:17  Probe  
  57  7:21  Stalker x3  
  57  7:22  Stalker  
  67  7:23  Nexus  
  67  7:26  Assimilator  
  67  7:27  Probe  
  67  7:28  Probe, Assimilator  
  67  7:30  Forge  
  67  7:32  Forge  
  67  7:36  Observer  
  68  7:38  Probe  
  68  7:40  Probe  
  70  7:51  Pylon  
  70  7:52  Pylon  
  70  7:54  Pylon  
  70  7:56  Pylon  
  70  8:08  Probe  
  70  8:09  Probe  
  70  8:10  Stalker x2  
  70  8:11  Stalker x2  
  80  8:15  Protoss Ground Weapons Level 1 (Chrono Boost)  
  80  8:18  Probe  
  80  8:21  Probe  
  80  8:23  Protoss Ground Armor Level 1 (Chrono Boost)  
  82  8:29  Robotics Bay  
  82  8:32  Observer  
  83  8:37  Stalker x3  
  83  8:40  Stalker  
  91  8:50  Probe  
  92  9:00  Probe  
  93  9:04  Robotics Facility  
  93  9:06  Robotics Facility  
  93  9:11  Probe  
  94  9:17  Dark Templar x3  
  94  9:22  Probe  
  101  9:32  Probe  
  102  9:43  Probe  
  109  10:00  Colossus (Chrono Boost)  
  109  10:04  Colossus (Chrono Boost)  
  109  10:06  Pylon  
  85  10:07  Pylon  
  85  10:08  Colossus (Chrono Boost)  
Show
View Real Time Build Order
Export as new Build Order

NoR Protoss 

Build Orders: 1 Gate Expand 

Get SALT Encoding   

  12  0:01  Probe (Chrono Boost)  
  13  0:12  Probe (Chrono Boost)  
  14  0:18  Pylon  
  14  0:26  Probe (Chrono Boost)  
  15  0:36  Probe (Chrono Boost)  
  15  0:40  Gateway  
  16  0:50  Probe (Chrono Boost)  
  17  1:01  Probe (Chrono Boost)  
  17  1:03  Assimilator  
  18  1:23  Nexus  
  18  1:32  Cybernetics Core  
  18  1:39  Assimilator  
  18  1:42  Probe (Chrono Boost)  
  19  1:52  Pylon  
  19  1:56  Probe (Chrono Boost)  
  19  1:58  Warp Gate  
  20  2:05  Adept  
  20  2:08  Probe (Chrono Boost)  
  23  2:19  Gateway  
  23  2:26  Probe (Chrono Boost)  
  24  2:35  Mothership Core (Chrono Boost)  
  27  2:38  Probe (Chrono Boost)  
  27  2:47  Stalker  
  30  2:52  Probe (Chrono Boost)  
  30  3:03  Robotics Facility  
  30  3:08  Probe (Chrono Boost)  
  30  3:17  Gateway  
  31  3:28  Probe (Chrono Boost), Pylon  
  31  3:33  Probe (Chrono Boost)  
  32  3:40  Probe (Chrono Boost)  
  33  3:44  Pylon  
  33  3:50  Immortal  
  37  4:07  Robotics Bay  
  37  4:09  Probe (Chrono Boost)  
  39  4:10  Probe (Chrono Boost)  
  39  4:19  Probe (Chrono Boost)  
  39  4:22  Probe (Chrono Boost)  
  41  4:25  Gateway  
  41  4:26  Observer  
  41  4:30  Probe (Chrono Boost)  
  43  4:34  Probe (Chrono Boost)  
  44  4:40  Probe (Chrono Boost), Assimilator  
  44  4:42  Assimilator  
  46  4:46  Probe (Chrono Boost)  
  46  4:49  Disruptor  
  37  5:44  Forge  
  37  5:47  Forge  
  34  6:02  Pylon  
  34  6:05  Pylon  
  34  6:10  Pylon  
  34  6:11  Pylon  
  34  6:13  Probe (Chrono Boost)  
  34  6:14  Probe (Chrono Boost)  
  34  6:15  Observer  
  36  6:22  Pylon  
  36  6:23  Probe (Chrono Boost)  
  38  6:26  Probe (Chrono Boost)  
  38  6:31  Photon Cannon  
  38  6:34  Probe (Chrono Boost)  
  38  6:35  Observer  
  38  6:38  Probe (Chrono Boost)  
  41  6:44  Probe (Chrono Boost)  
  41  6:45  Pylon  
  42  6:50  Probe (Chrono Boost)  
  43  6:55  Twilight Council, Probe (Chrono Boost)  
  43  6:59  Protoss Ground Armor Level 1  
  43  7:01  Protoss Ground Weapons Level 1  
  45  7:02  Probe (Chrono Boost)  
  45  7:23  Stalker x2  
  45  7:24  Stalker  
  45  7:25  Blink  
  51  7:35  Pylon  
  51  7:51  Gateway  
  51  7:53  Gateway  
  51  7:56  Probe (Chrono Boost)  
  51  7:57  Probe (Chrono Boost), Disruptor  
  58  8:13  Probe x2 (Chrono Boost)  
  58  8:25  Probe x2 (Chrono Boost)  
  58  8:26  Photon Cannon  
  60  8:35  Pylon  
  60  8:37  Templar Archives, Probe (Chrono Boost)  
  60  8:38  Warp Prism  
  62  9:03  Nexus  
  62  9:16  High Templar x2  
  66  9:17  High Templar x2  
  66  9:20  Archon  
  66  9:21  Archon  
  70  9:31  Stalker x2  
  74  9:49  Stalker x3  
  74  9:50  Stalker  
  82  9:55  Zealot x2  
  77  10:25  Stalker x4  
  77  10:26  Stalker x2  
  89  10:30  Probe (Chrono Boost)  
  89  10:31  Probe x2 (Chrono Boost)  
  93  10:44  Probe (Chrono Boost)  
  93  10:52  High Templar  
  93  10:53  High Templar  
  93  10:54  Zealot x3  
  93  10:56  Stalker  
  105  10:57  Archon  
Show
View Real Time Build Order
Export as new Build Order

Mini Protoss 

Build Orders:  

Get SALT Encoding   

Show
View Real Time Build Order
Export as new Build Order

Snake Protoss 

Build Orders:  

Get SALT Encoding   

Tags
 
Add a new tag
Caveats
  • Supply blocks, unpowered buildings, or Contaminate may cause inaccurate times.
  • Supply counts are checked every 10 seconds.